 Dungeon Crawl Stone Soup version 0.29.0-11-gd7f09526c8 (webtiles) character file.

Game seed: 5688635054677175887

25 matogl0396 the Shooter (level 3, 5/31 HPs)
             Began as a Gargoyle Hunter on Sept 3, 2022.
             Quit the game on level 1 of the Dungeon.
             The game lasted 00:12:44 (635 turns).

matogl0396 the Shooter (Gargoyle Hunter)             Turns: 635, Time: 00:12:44

Health: 5/31       AC: 21    Str: 14    XL:     3   Next: 6%
Magic:  3/3        EV:  2    Int:  9    God:
Gold:   31         SH:  0    Dex: 15    Spells: 2/2 levels left

rFire   . . .      SeeInvis .   g - +1 dagger (speed)
rCold   . . .      Faith    .   (no shield)
rNeg    + . .      Spirit   .   (body armour currently unavailable)
rPois   ∞          Reflect  .   (helmet currently unavailable)
rElec   .          Harm     .   (cloak currently unavailable)
rCorr   .          Rampage  .   (gloves currently unavailable)
Will    .....      NoTele   +   (boots currently unavailable)
Stlth   ++........              (no amulet)
HPRegen 0.10/turn               (no ring)
MPRegen 0.08/turn               (no ring)

@: mighty, tree-form
A: stationary, stasis, torment immunity, boosted hp, sickness immunity, AC +3,
negative energy resistance 1, (electricity resistance), torment resistance 1,
petrification resistance
a: no special abilities


You were on level 1 of the Dungeon.
You were a tree.
You visited 1 branch of the dungeon, and saw 1 of its levels.

You collected 31 gold pieces.

Inventory:

Hand Weapons
 a - a +0 shortbow
 f - a +0 spear
 g - a +1 dagger of speed (weapon)
 k - a +0 whip
Armour
 c - a +0 leather armour
 i - a +0 scale mail (melded)
Scrolls
 b - a scroll of immolation
 h - 2 scrolls of teleportation


   Skills:
 + Level 2.1 Fighting
 + Level 4.8 Ranged Weapons
 * Level 1.8 Dodging
 + Level 1.1 Stealth


You had 2 spell levels left.
You didn't know any spells.
Your spell library contained the following spells:

 Spells                   Type           Power      Damage    Failure   Level
 Magic Dart               Conj           0%         1d3       38%         1
 Searing Ray              Conj           0%         2d4       52%         2
 Fulminant Prism          Conj/Hex       0%         3d6       99%         4


Dungeon Overview and Level Annotations

Branches:
Dungeon (1/15)

Altars:


Innate Abilities, Weirdness & Mutations

You are a tree.
Your roots penetrate the ground, keeping you stationary.
You cannot be teleported.
You are immune to unholy pain and torment.
Your maximum health is greatly increased.
Your equipment is partially melded.
You are immune to sickness and miasma.
((Your stone body is resilient. (AC +3)))
You are immune to poison.
You resist negative energy. (rN+)
((You are resistant to electric shocks. (rElec)))
You are resistant to unholy torment.
You are immune to petrification.


Message History

You cannot move.
You cannot move.
You cannot move.
You cannot move.
You cannot move.
You cannot move.
You cannot move.
You cannot move.
You cannot move.
You cannot move.
You cannot move.
You cannot move.
You cannot move.
You cannot move.
You cannot move.
You cannot move.
You cannot move.
You cannot move.
You cannot move.
You cannot move.
You cannot move.
You cannot move.
You cannot move.
You cannot move.
You cannot move.
You cannot move.
You cannot move.
You cannot move.
You cannot move.
Char dumped successfully.
Saving game... please wait.
Welcome back, matogl0396 the Gargoyle Hunter.
Press ? for a list of commands and other information.
You cannot move.
You cannot move.
You cannot move.
You cannot move.
You cannot move.
Unknown command.
Are you sure you want to abandon this character and quit the game? (Confirm with "yes".)

#.###.###.# #.# ###.#
#.# .# #.# ....###.## #
#########.# .........#
#.........# #######.##
#.######### ###
########.# # #........#
....####.######........
#.....)♣..............
#(#.###..####..#######
.........# ##..####..#
#..# #..# #$.. ....
###.# .#


There were no monsters in sight!

Vanquished Creatures
  A gnoll (D:1)
  2 dart slugs (D:1)
  An endoplasm (D:1)
  A giant cockroach (D:1)
  3 goblins (D:1)
  A hobgoblin (D:1)
  A ball python (D:1)
  A bat (D:1)
  A kobold (D:1)
12 creatures vanquished.

Notes
Turn   | Place    | Note
-------+----------+-------------------------------------------
     0 | D:1      | matogl0396 the Gargoyle Hunter began the quest for the Orb.
     0 | D:1      | Reached XP level 1. HP: 12/12 MP: 1/1
   177 | D:1      | Reached XP level 2. HP: 17/17 MP: 2/2
   634 | D:1      | Reached XP level 3. HP: 4/21 MP: 3/3
   635 | D:1      | Quit the game

Illustrated notes

Levels and vault maps discovered:
D:1:      minmay_arrival_semitransparent, layout_loops_ring

Action                   || total
-------------------------++-------
Melee: Dagger            ||    24
 Fire: Shortbow          ||    19
  Use: Potion            ||     2
       Scroll            ||     1
Armor: Leather armour    ||     4
       Scale mail        ||     7
       Skin              ||     3
Dodge: Dodged            ||    11
